 Dungeon Crawl Stone Soup version 0.24-a0-378-g94936e539c (webtiles) character file.

Game seed: 15310442870533003179

18847 HAL9000 the Transmogrifier (level 12, -5/104 HPs)
             Began as a Grey Draconian Transmuter on June 1, 2019.
             Was a Priest of Ru.
             Slain by a seven-headed hydra (15 damage)
             ... on level 3 of the Lair of Beasts.
             The game lasted 00:33:08 (13699 turns).

HAL9000 the Transmogrifier (DrTm)                  Turns: 13699, Time: 00:33:08

Health: -5/104     AC:  2    Str: 13    XL:     12   Next: 31%
Magic:  3/22       EV: 22    Int: 13    God:    Ru [***...]
Gold:   541        SH:  0    Dex: 20    Spells: 4/25 levels left

rFire    . . .     SeeInvis .     - Unarmed
rCold    . . .     Gourm    .   (shield unavailable)
rNeg     . . .     Faith    .   (armour unavailable)
rPois    .         Spirit   .   (helmet currently unavailable)
rElec    .         Reflect  .   (cloak currently unavailable)
rCorr    .         Harm     .   (gloves currently unavailable)
MR       .....                  (boots currently unavailable)
Stlth    ++........             s - amulet of regeneration
HPRegen  0.67/turn              (ring unavailable)
MPRegen  0.18/turn              B - ring of poison resistance

@: spider-form, studying Maces & Flails
A: tiny, (walk through water), unfitting armour, dopey 1, missing a hand, AC +13
a: End Transformation, Draw Out Power, Renounce Religion


You were on level 3 of the Lair of Beasts.
You worshipped Ru.
Ru was most pleased with you.
You were hungry.
You were a venomous arachnid creature.
You visited 3 branches of the dungeon, and saw 14 of its levels.

You collected 751 gold pieces.
You spent 210 gold pieces at shops.

Inventory:

Hand Weapons
 E - the +2 spear of Purpose {vamp, rPois MR++ Str-2 Dex+3}
   (You found it on level 5 of the Dungeon)

   It inflicts no extra harm, but heals its wielder when it wounds a living foe.
   It affects your strength (-2).
   It affects your dexterity (+3).
   It protects you from poison.
   It affects your resistance to hostile enchantments.
Missiles
 a - 111 arrows
 f - 6 throwing nets
 l - 3 silver javelins (quivered)
 G - 20 poisoned darts
 O - 25 boomerangs
 Y - 2 javelins
Armour
 v - a +0 cloak
 w - a scarf of resistance (melded)
 L - a +1 cloak of invisibility
 U - a +1 pair of boots of flying (melded)
 Z - a cursed +0 buckler
Jewellery
 q - an uncursed ring of protection from magic
 s - an amulet of regeneration (around neck)
 y - an uncursed ring of fire
 B - a ring of poison resistance (right front leg)
 M - an uncursed ring of resist corrosion
Wands
 h - a wand of random effects (14)
 F - a wand of polymorph (16)
 H - a wand of digging (5)
 I - a wand of iceblast (7)
 R - a wand of paralysis (7)
 V - a wand of flame (11)
Scrolls
 b - 2 scrolls of amnesia {unknown}
 d - 3 scrolls of enchant armour {unknown}
 e - 7 scrolls of teleportation
 j - 5 scrolls of magic mapping
 k - 6 scrolls of remove curse
 m - 3 scrolls of enchant weapon {unknown}
 o - 4 scrolls of immolation {unknown}
 p - a scroll of blinking {unknown}
 r - a scroll of silence {unknown}
 J - 10 scrolls of identify
 Q - 3 scrolls of fear {unknown}
 S - a scroll of holy word {unknown}
 T - 2 scrolls of vulnerability {unknown}
Potions
 g - 2 potions of lignification
 i - 4 potions of flight
 n - a potion of degeneration
 t - a potion of heal wounds
 u - a potion of haste
 x - 2 potions of resistance
 z - 2 potions of mutation
 A - 2 potions of ambrosia
 C - 3 potions of might {unknown}
 D - 2 potions of curing
 N - a potion of magic {unknown}
 P - 5 potions of brilliance {unknown}
 W - a potion of agility {unknown}
Books
 K - a manual of Maces & Flails
Comestibles
 c - 16 rations
 X - 8 chunks of flesh


   Skills:
 - Level 9.2 Fighting
 - Level 3.4 Dodging
 - Level 8.8 Unarmed Combat
 - Level 7.0 Spellcasting
 + Level 9.2 Charms
 - Level 10.7 Transmutations


You had 4 spell levels left.
You knew the following spells:

 Your Spells              Type           Power        Failure   Level  Hunger
a - Beastly Appendage     Tmut           ####..       2%          1    None
b - Sticks to Snakes      Tmut           ####....     2%          2    #......
c - Spider Form           Tmut/Pois      ###.......   14%         3    ##.....
d - Blade Hands           Tmut           ####......   14%         5    ######.
e - Regeneration          Chrm/Necr      ###.......   19%         3    ##.....
f - Animate Dead          Necr           N/A          94%         4    ####...
g - Vampiric Draining     Necr           #.........   63%         3    ##.....

Your spell library contained the following spells:

 Spells                   Type           Power        Failure   Level  Hunger
 Animate Skeleton         Necr           N/A          34%         1    None
 Pain                     Necr           #...         34%         1    None
 Sting                    Conj/Pois      #...         34%         1    None
 Ice Form                 Ice/Tmut       ###.....     36%         4    ####...
 Poisonous Vapours        Pois/Air       #.....       43%         2    #......
 Mephitic Cloud           Conj/Pois/Air  #.......     63%         3    ##.....
 Olgreb's Toxic Radiance  Pois           #.......     94%         4    ####...
 Venom Bolt               Conj/Pois      #.........   99%         5    ######.


Dungeon Overview and Level Annotations

Branches:
Dungeon (10/15)            Temple (1/1) D:5            Lair (3/6) D:8
 Shoals (0/4) Lair:3        Snake (0/4) Lair:2
    Orc: D:9-12

Altars:
Ashenzari
Cheibriados
Dithmenos
Elyvilon
Fedhas
Gozag
Hepliaklqana
Kikubaaqudgha
Makhleb
Nemelex Xobeh
Okawaru
Qazlal
Ru
Sif Muna
Trog
Uskayaw
Vehumet
Wu Jian
Xom
Yredelemnul
Zin
The Shining One

Shops:
D:6 =   D:10 [


Innate Abilities, Weirdness & Mutations

((You can walk through water.))
((Your dull iron-grey scales are very hard. (AC +13)))
You cannot fit into any form of body armour.
You are dopey. (Int -2)
((You can survive without breathing.))
((You are cold-blooded and may be slowed by cold attacks.))
You are missing a hand.


Message History

The seven-headed hydra completely misses you.
The seven-headed hydra bites you.
The seven-headed hydra barely misses you.
The seven-headed hydra bites you! x2
The seven-headed hydra closely misses you.
Your ball python bites the seven-headed hydra.
You hit the seven-headed hydra.
The seven-headed hydra is heavily wounded.
Your ball python bites the seven-headed hydra. x2
The seven-headed hydra bites you.
* * * LOW HITPOINT WARNING * * *
The seven-headed hydra bites you!
* * * LOW HITPOINT WARNING * * *
The seven-headed hydra completely misses you.
The seven-headed hydra misses you.
The seven-headed hydra barely misses you.
The seven-headed hydra bites you!
* * * LOW HITPOINT WARNING * * *
The seven-headed hydra bites you!
You die...

#...###..####........#≈####≈'###≈
##...##(>P# ##.......##≈≈≈#≈#≈≈≈#
#..#####.## #.......†.#≈≈≈###≈≈≈#
##.# #.## ##........#≈≈≈# #≈≈≈#
#.## #..# #........'####.#####
##..# #.## ##...................
#..#####.####............##..#. .
.#.###....##..........##....##
...............SsS...........#
...........#..#.DP#...##....## #
...........####÷.####.#.##..# #
..........## #..## #.## #.#
...........###..# #.. .P#
............#....# ..#. ..#
................... ..... ##
##.##[#.#.#...#..###..
#.####...######.#


You could see a seven-headed hydra and 2 friendly ball pythons.

Vanquished Creatures
  A catoblepas (Lair:1)
  A deep elf mage (D:10)
  A merfolk siren (Lair:3)
  A centaur zombie (D:10)
  2 black mambas
  7 spiny frogs
  5 komodo dragons
  A queen bee (D:10)
  A merfolk (Lair:3)
  3 blink frogs (Lair:3)
  6 hippogriffs
  2 wyverns
  A human (D:7)
  7 yaks
  A basilisk (Lair:2)
  3 hogs (D:7)
  3 nagas (Lair:2)
  A soldier ant (D:10)
  3 wargs (D:8)
  8 porcupines
  5 water moccasins
  3 sky beasts
  An ice beast (D:10)
  6 orc warriors
  3 black bears (D:7)
  3 ogres
  2 phantoms
  An eye of draining (D:10)
  3 centaurs
  3 crocodiles
  8 bullfrogs
  A gnoll sergeant (D:10)
  3 scorpions
  27 killer bees
  2 howler monkeys (D:6)
  6 crimson imps
  3 quasits
  3 jellies
  11 orc priests
  Crazy Yiuf (D:7)
  3 hounds
  3 bullfrog skeletons
  2 centaur skeletons
  Jessica (D:2)
  2 iguanas (D:10)
  12 orc wizards
  7 worker ants
  A howler monkey zombie (D:9)
  11 gnolls
  A worker ant zombie (D:9)
  14 adders
  3 shadow imps
  4 leopard geckos
  53 orcs
  3 ball pythons
  8 bats
  A bat zombie (D:8)
  6 giant cockroaches
  8 goblins
  2 hobgoblins
  6 jackals (D:1)
  5 quokkas
  3 frilled lizards
  A leopard gecko skeleton (D:8)
  A quokka skeleton (D:7)
  A quokka zombie (D:5)
  3 rats
  A spectral orc (D:8)
  A fungus (D:7)
320 creatures vanquished.

Vanquished Creatures (collateral kills)
  Harold (D:7)
  A howler monkey (D:4)
  A gnoll shaman (D:6)
  A hound (D:4)
  An orc wizard (D:4)
  A worker ant (D:4)
  A gnoll (D:6)
  An adder (D:3)
  4 orcs
  A giant cockroach (D:4)
  A frilled lizard (D:3)
14 creatures vanquished.

Vanquished Creatures (others)
  A blink frog (Lair:3)
  An ice beast (D:5)
  5 fungi
  2 plants (Lair:3)
9 creatures vanquished.

Grand Total: 343 creatures vanquished

Notes
Turn   | Place    | Note
-------+----------+-------------------------------------------
     0 | D:1      | HAL9000 the Draconian Transmuter began the quest for the
                  | Orb.
     0 | D:1      | Reached XP level 1. HP: 16/16 MP: 3/3
   147 | D:1      | Reached XP level 2. HP: 22/23 MP: 3/5
   897 | D:1      | Reached XP level 3. HP: 27/28 MP: 6/6
  1062 | D:2      | Found a faded altar of an unknown god.
  1330 | D:2      | Found a hide-covered altar of Uskayaw.
  1400 | D:2      | You fall into a shaft and drop 2 floors!
  1411 | D:4      | Learned a level 2 spell: Sticks to Snakes
  1415 | D:4      | Learned a level 3 spell: Spider Form
  1423 | D:4      | Reached skill level 3 in Transmutations
  1423 | D:4      | Reached XP level 4. HP: 32/35 MP: 4/7
  1488 | D:4      | Reached XP level 5. HP: 18/40 MP: 0/8
  1578 | D:4      | Reached skill level 5 in Unarmed Combat
  1578 | D:4      | Reached skill level 4 in Transmutations
  1792 | D:3      | Reached XP level 6. HP: 16/47 MP: 9/9
  2102 | D:3      | Found a glowing silver altar of Zin.
  2934 | D:2      | Found a white marble altar of Elyvilon.
  2985 | D:2      | Found a bloodstained altar of Trog.
  3089 | D:2      | Noticed Jessica
  3095 | D:2      | Killed Jessica
  3226 | D:4      | Reached skill level 5 in Transmutations
  3364 | D:4      | Your scales start taking on a dull iron-grey colour.
  3364 | D:4      | Reached XP level 7. HP: 52/52 MP: 5/10
  3364 | D:4      | Gained mutation: You can survive without breathing. [Grey
                  | Draconian growth]
  3509 | D:4      | Found an ornate altar of the Wu Jian Council.
  3668 | D:5      | Entered Level 5 of the Dungeon
  3696 | D:5      | Found a staircase to the Ecumenical Temple.
  3726 | Temple   | Entered the Ecumenical Temple
  3783 | Temple   | Became a worshipper of Ru the Awakened
  3822 | D:5      | Found a deep blue altar of Sif Muna.
  4025 | D:5      | You fall into a shaft and drop 2 floors!
  4040 | D:7      | Reached skill level 6 in Transmutations
  4191 | D:7      | Reached XP level 8. HP: 25/59 MP: 9/11
  4298 | D:5      | Found a stormy altar of Qazlal.
  4315 | D:5      | Reached skill level 7 in Transmutations
  5589 | D:6      | Found Besouwno's Jewellery Emporium.
  5593 | D:6      | Found a deep blue altar of Sif Muna.
  5598 | D:6      | Reached skill level 8 in Transmutations
  5670 | D:6      | Learned a level 5 spell: Blade Hands
  5718 | D:6      | HP: 1/59 [sky beast (6)]
  5822 | D:6      | Reached XP level 9. HP: 64/67 MP: 6/12
  6327 | D:7      | Found a hazy altar of Hepliaklqana.
  6378 | D:7      | Reached skill level 9 in Transmutations
  6461 | D:7      | Found a deep blue altar of Sif Muna.
  6553 | D:5      | Got a pitted spear
  6554 | D:5      | Identified the +2 spear of Purpose {vamp, rPois MR++ Str-2
                  | Dex+3} (You found it on level 5 of the Dungeon)
  6813 | D:7      | Noticed Harold
  6824 | D:7      | Reached skill level 10 in Transmutations
  6919 | D:7      | Killed Harold
  7238 | D:7      | Reached skill level 5 in Fighting
  7242 | D:7      | Reached XP level 10. HP: 75/81 MP: 8/13
  7466 | D:7      | Found a runed translucent door.
  7467 | D:7      | Noticed Crazy Yiuf
  7477 | D:7      | Killed Crazy Yiuf
  7680 | D:8      | Found a staircase to the Lair.
  8051 | D:8      | Found a basalt altar of Yredelemnul.
  8145 | D:8      | Found an ancient bone altar of Kikubaaqudgha.
  9011 | D:9      | Found a sparkling altar of Nemelex Xobeh.
  9191 | D:10     | Entered Level 10 of the Dungeon
  9300 | D:10     | Noticed a deep elf mage
  9314 | D:10     | Killed a deep elf mage
  9314 | D:10     | Reached skill level 5 in Spellcasting
  9314 | D:10     | Reached XP level 11. HP: 87/97 MP: 5/18
  9380 | D:10     | Learned a level 3 spell: Regeneration
 10079 | D:10     | Reached skill level 1 in Charms
 10147 | D:10     | Found Cowe's Antique Armour Emporium.
 10153 | D:10     | Bought a pair of embroidered boots for 210 gold pieces
 10533 | Lair:1   | Entered Level 1 of the Lair of Beasts
 10603 | Lair:1   | Noticed a catoblepas
 10611 | Lair:1   | Killed a catoblepas
 10848 | Lair:1   | Reached skill level 5 in Charms
 10940 | Lair:1   | Gained mutation: You are dopey. (Int -2) [Ru sacrifice]
 11972 | Lair:2   | Found a staircase to the Snake Pit.
 12435 | Lair:2   | Reached XP level 12. HP: 99/104 MP: 16/22
 12960 | Lair:3   | Reached skill level 1 in Shields
 13002 | Lair:3   | Noticed a seven-headed hydra
 13116 | Lair:3   | Found a staircase to the Shoals.
 13422 | Lair:3   | Gained mutation: You are missing a hand. [Ru sacrifice]
 13422 | Lair:3   | Reached * piety under Ru
 13422 | Lair:3   | Reached ** piety under Ru
 13422 | Lair:3   | Reached *** piety under Ru
 13504 | Lair:3   | Learned a level 4 spell: Animate Dead
 13511 | Lair:3   | Learned a level 3 spell: Vampiric Draining
 13699 | Lair:3   | Slain by a seven-headed hydra

Levels and vault maps discovered:
D:1:      giann_horns, layout_loops_corners, minivault_14
D:2:      layout_basic, lemuel_crystal_altar, lemuel_doored_altar,
          lightli_temple_of_fire, chequers_ecumenical_altar_simple_redux,
          kennysheep_jessica_study
D:3:      layout_basic, zin_academy
D:4:      layout_cave_pools, overflow_temple_1_default, first_ration
D:5:      layout_basic, kennysheep_mini_moat,
          minmay_temple_entry_statues_fountains,
          hangedman_abyss_or_decor_passed, grunt_qazlal_clouds
D:6:      layout_cave_pools, basic_altar, serial_shops, shop, bh_walls_and_bars
D:7:      kennysheep_orc_sif_temple, layout_rooms,
          nicolae_overflow_hidden_temple, grunt_livestock, minmay_manual_mullet,
          uniq_harold, uniq_crazy_yiuf_cottage
D:8:      layout_basic, yredelemnul_forgotten_temple_becter,
          lemuel_zombie_altar_kikubaaqudgha, erik_lair_orcish_takeover
D:9:      layout_loops_corners, nemelex_lonely_heart_becter
D:10:     layout_loops_ring, serial_shops, nicolae_shop_overgrown_old_shop,
          minmay_misc_feat_four_crosses, minivault_7
Temple:   cyrus_circular_temple
Lair:1:   layout_misc_corridors, st_stairs_8, serial_bayou_shore_b,
          grunt_megastairs_4
Lair:2:   layout_cave_pods, minmay_snake_entry_guardpost_small,
          chequers_serial_rivers_micro_a
Lair:3:   layout_small_grid, elwin_shoals_entry_rooms

Skill      XL: |  1  2  3  4  5  6  7  8  9 10 11 12 |
---------------+-------------------------------------+-----
Unarmed Combat | 4 5 6 7 8 |  8.8
Transmutations | 3 4 5 6 8 10 | 10.7
Fighting       | 5 9 |  9.2
Dodging        | 2 3 |  3.4
Spellcasting   | 5 7 |  7.0
Charms         | 8 9 |  9.2
Shields        | 0 |  0.0

Action                   |  1- 3 |  4- 6 |  7- 9 | 10-12 || total
-------------------------+-------+-------+-------+-------++-------
Melee: Unarmed           |    87 |   166 |   382 |   599 ||  1234
       Tailslap          |     5 |    16 |    24 |    63 ||   108
       Kick              |     1 |       |       |       ||     1
       Headbutt          |     4 |    16 |    15 |       ||    35
       Punch             |     1 |     3 |     7 |    14 ||    25
 Cast: Beastly Appendage |    11 |    14 |    13 |       ||    38
       Sticks to Snakes  |     1 |    14 |     9 |    18 ||    42
       Spider Form       |       |     2 |    24 |     1 ||    27
       Blade Hands       |       |       |     1 |    47 ||    48
Invok: Reject Sacrifices |       |       |     1 |       ||     1
       Sacrifice Purity  |       |       |       |     1 ||     1
       Sacrifice a Hand  |       |       |       |     1 ||     1
 Abil: End Transformatio |       |       |     2 |     7 ||     9
       Stop Flying       |       |       |       |     1 ||     1
  Use: Scroll            |       |     7 |     5 |     3 ||    15
       Potion            |       |       |     1 |       ||     1
 Stab: Sleeping          |     3 |     1 |     1 |     3 ||     8
       Distracted        |       |       |     2 |     1 ||     3
  Eat: Chunk             |     1 |     9 |    14 |    38 ||    62
       Ration            |       |       |     1 |       ||     1
Armor: Skin              |    39 |    47 |    84 |   219 ||   389
Dodge: Dodged            |    58 |   130 |   252 |   357 ||   797

Table legend:
 A = Non-vault XP
 B = Vault XP
 C = Vault XP percentage of total XP
 D = Non-vault monster count
 E = Vault monster count
 F = Vault count percentage of total count
                 A         B        C        D         E       F
            +---------+---------+-------+---------+---------+-------
      Total |   20863 |    6062 |  22.5 |     281 |      53 |  15.9
            +---------+---------+-------+---------+---------+-------
        D:1 |      42 |       0 |   0.0 |      23 |       0 |   0.0
        D:2 |      33 |      39 |  54.2 |       6 |       2 |  25.0
        D:3 |     204 |       0 |   0.0 |      26 |       0 |   0.0
        D:4 |     492 |       0 |   0.0 |      24 |       0 |   0.0
        D:5 |     664 |       0 |   0.0 |      14 |       0 |   0.0
        D:6 |     993 |       0 |   0.0 |      26 |       0 |   0.0
        D:7 |    1658 |    2191 |  56.9 |      29 |      15 |  34.1
        D:8 |     925 |     669 |  42.0 |      25 |      11 |  30.6
        D:9 |    1227 |       0 |   0.0 |      26 |       0 |   0.0
       D:10 |    3968 |    1368 |  25.6 |      41 |      18 |  30.5
     Lair:1 |    4270 |     563 |  11.6 |      14 |       2 |  12.5
     Lair:2 |    2435 |     477 |  16.4 |      11 |       3 |  21.4
     Lair:3 |    3952 |     755 |  16.0 |      16 |       2 |  11.1
            +---------+---------+-------+---------+---------+-------
